[Event "ICC tourney 2171 (3 2)"]
[Site "Internet Chess Club"]
[Date "2020.12.04"]
[Round "3"]
[White "clair"]
[Black "cjcardoso"]
[Result "0-1"]
[ICCResult "White forfeits on time"]
[WhiteElo "1199"]
[BlackElo "1416"]
[Opening "Queen's pawn, Mason variation"]
[ECO "D00"]
[NIC "QP.08"]
[Time "22:32:29"]
[TimeControl "180+2"]

1. d4 d5 2. Bf4 Nf6 3. e3 Bf5 4. c4 c6 5. Qb3 Qc8 6. cxd5 cxd5 7. Nf3 a6 8.
Nc3 e6 9. Be2 Be7 10. O-O O-O 11. Rac1 Nc6 12. Ne5 Qe8 13. h3 Rc8 14. Qxb7
Nxe5 15. Bxe5 Ra8 16. Bxa6 Nd7 17. a4 f6 18. Bg3 Bg6 19. Bb5 Rd8 20. Bc7 Rc8
21. a5 Bb4 22. Bb6 Rf7 23. Bxd7 Rxd7 24. Qa6 Ra8 25. Qb5 Qe7 26. Na2 Bd6 27.
b4 Rb7 28. Rc6 Be8 29. Rfc1 Bxc6 30. Rxc6 Qd7 31. Nc3 Rc8 32. Rxd6 Qxd6 33.
Qd3 Qc6 34. Ne2 Qc2 35. Qa6 Qc6 36. b5 Qd7 37. Bc5 Rcb8 38. b6 Qc6 39. Qd3
Ra8 40. a6 Rd7 41. a7 Rb7 42. Nf4 Kf7 43. Qa6 Qd7 44. Qa3 g5 45. Ne2 Kg6 46.
h4 h6 47. hxg5 hxg5 48. Qd3+ f5 49. g4 Kf6 50. gxf5 exf5 51. Ng3 Qe6 52.
Nh5+ Kg6 53. Ng3 Kf6 54. Nh5+ Kg6 55. Ng3 Kf6 56. Nh5+ Kf7 57. Ng3 Ke8 58.
Nxf5 Kd7 59. Nd6 Qg4+ 60. Kf1 Qh3+ 61. Ke2 Qg4+ 62. Kf1 Rh8
{White forfeits on time}
0-1

[Event "ICC tourney 2171 (3 2)"]
[Site "Internet Chess Club"]
[Date "2020.12.04"]
[Round "3"]
[White "coolsportsguy"]
[Black "Sricharan07"]
[Result "0-1"]
[ICCResult "White resigns"]
[WhiteElo "1588"]
[BlackElo "1509"]
[Opening "Queen's pawn: London system"]
[ECO "A45"]
[NIC "QP.07"]
[Time "22:32:38"]
[TimeControl "180+2"]

1. d4 Nf6 2. Bf4 d5 3. e3 c5 4. c3 Nc6 5. Nd2 cxd4 6. exd4 Bf5 7. Ngf3 e6 8.
Be2 Bd6 9. Bg3 O-O 10. O-O h6 11. Re1 Bxg3 12. hxg3 Rb8 13. a4 a6 14. Nb3
Ne4 15. Bd3 Na5 16. Nxa5 Qxa5 17. Ne5 Qc7 18. a5 Nd6 19. g4 Be4 20. f3 Bxd3
21. Qxd3 Nc4 22. Nxc4 dxc4 23. Qe3 Rfd8 24. Qe5 Qxe5 25. Rxe5 Rd5 26. Re2
Rc8 27. Ra4 Rb5 28. Kf2 Kf8 29. Rb4 Rxb4 30. cxb4 Ke7 31. Rc2 Kd6 32. Ke3
Kd5 33. Re2 c3 34. bxc3 Rxc3+ 35. Kd2 Rb3 36. Re5+ Kd6 37. Rc5 Rxb4 38. Kd3
Rb5 39. Rxb5 axb5 40. Kc3 f6 41. Kb4 Kc6 42. f4 g6 43. g3 h5 44. gxh5 gxh5
45. Kc3 Kd5 46. Kb4 Kc6 47. Kc3 Kd5 48. Kb4 Kxd4 49. Kxb5 e5 50. fxe5 fxe5
51. Kb6 e4 52. Kxb7 e3 53. a6 e2 54. a7 e1=Q 55. a8=Q Qe4+ 56. Ka7 Qxa8+ 57.
Kxa8 Ke4 58. Kb7 Kf3 59. Kc6 Kxg3 60. Kd5 h4 61. Ke4 h3 62. Ke3 Kg2 63. Ke2
h2 64. Ke3 h1=Q {White resigns} 0-1

[Event "ICC tourney 2171 (3 2)"]
[Site "Internet Chess Club"]
[Date "2020.12.04"]
[Round "3"]
[White "needGodcom"]
[Black "garfield92037"]
[Result "1/2-1/2"]
[ICCResult "Game drawn by repetition"]
[WhiteElo "1648"]
[BlackElo "1536"]
[Opening "QGD: Chigorin defense"]
[ECO "D07"]
[NIC "QP.08"]
[Time "22:33:02"]
[TimeControl "180+2"]

1. d4 d5 2. c4 Nc6 3. cxd5 Qxd5 4. e3 e5 5. Nc3 Bb4 6. Bd2 Bxc3 7. Bxc3 e4
8. Ne2 Nf6 9. Nf4 Qd6 10. Bb5 Bd7 11. h4 Ne7 12. Bxd7+ Qxd7 13. Qb3 c6 14.
Bb4 Ned5 15. Nxd5 Nxd5 16. Ba3 f5 17. h5 Qc7 18. Rc1 Qa5+ 19. Kf1 Qa6+ 20.
Kg1 Kd7 21. Rc5 Qb6 22. Rxd5+ cxd5 23. Qxd5+ Kc8 24. Qxf5+ Kb8 25. Qe5+ Kc8
26. Kh2 Kd7 27. Rc1 Rhe8 28. Qxg7+ Kd8 29. Qg5+ Kd7 30. Qf5+ Qe6 31. Qb5+
Kd8 32. Qxb7 Rc8 33. Rxc8+ Qxc8 34. Qd5+ Qd7 35. Qa5+ Kc8 36. Bc5 Kb8 37.
Qa6 Re6 38. Qc4 Rh6 39. Qb3+ Ka8 40. Kg1 Rxh5 41. Qg8+ Kb7 42. Qg3 Rh6 43.
b4 Rg6 44. Qf4 Rg4 45. Qe5 h6 46. d5 Rg5 47. Qxe4 Rxd5 48. Bd4 Kc8 49. Qc2+
Kb7 50. Qc4 Rg5 51. Qe2 Qd5 52. f3 h5 53. Qc2 Qd7 54. Qe4+ Kc7 55. Bxa7 Qd1+
56. Kh2 Rxg2+ 57. Kxg2 Qe2+ 58. Kg3 Qe1+ 59. Kf4 Qh4+ 60. Ke5 Qe7+ 61. Kd4
Qd6+ 62. Qd5 Qxb4+ 63. Ke5 Qe7+ 64. Kd4 Qh4+ 65. e4 Qf2+ 66. Kc4 Qxa7 67.
Qxh5 Qxa2+ 68. Kd4 Qa4+ 69. Ke3 Qb3+ 70. Kf4 Qd3 71. Qe5+ Kc8 72. Qe6+ Kc7
73. Qd5 Qe2 74. e5 Qh2+ 75. Ke4 Qh4+ 76. f4 Qh1+ 77. Kd4 Qd1+ 78. Kc4 Qc2+
79. Kb4 Qb2+ 80. Qb3 Qh2 81. Qc4+ Kd7 82. Qd5+ Ke7 83. Qd6+ Kf7 84. Qf6+ Ke8
85. f5 Qb2+ 86. Kc5 Qc3+ 87. Kd5 Qd3+ 88. Kc5 Qc3+ 89. Kb6 Qb4+ 90. Kc7 Qa5+
91. Kb7 Qb5+ 92. Kc8 Qd7+ 93. Kb8 Qb5+ 94. Kc7 Qa5+ 95. Kb7 Qb5+ 96. Kc7
Qa5+ 97. Kb7 Qb5+ {Game drawn by repetition} 1/2-1/2

[Event "ICC tourney 2171 (3 2)"]
[Site "Internet Chess Club"]
[Date "2020.12.04"]
[Round "4"]
[White "akshajp"]
[Black "Averyyu321"]
[Result "0-1"]
[ICCResult "White resigns"]
[WhiteElo "1155"]
[BlackElo "1437"]
[Opening "Queen's pawn: Chigorin variation"]
[ECO "D00"]
[NIC "QP.08"]
[Time "22:45:53"]
[TimeControl "180+2"]

1. d4 d5 2. Nc3 e6 3. Bf4 Nf6 4. f3 b6 5. Qd2 Bb7 6. O-O-O c5 7. dxc5 Bxc5
8. Nb5 Nc6 9. Nc7+ Ke7 10. Nxa8 Bxa8 11. Bg5 Ne5 12. Bxf6+ gxf6 13. e4 d4
14. f4 Ng4 15. e5 d3 16. Qxd3 Qxd3 17. Rxd3 Nf2 18. exf6+ Kxf6 19. Rf3 Nxh1
20. Nh3 Bxf3 {White resigns} 0-1

[Event "ICC tourney 2171 (3 2)"]
[Site "Internet Chess Club"]
[Date "2020.12.04"]
[Round "4"]
[White "CaptK"]
[Black "TheChessShark"]
[Result "1-0"]
[ICCResult "Black checkmated"]
[WhiteElo "2133"]
[BlackElo "1389"]
[Opening "Philidor: Improved Hanham variation"]
[ECO "C41"]
[NIC "KP.08"]
[Time "22:45:56"]
[TimeControl "180+2"]

1. e4 e5 2. Nf3 d6 3. d4 Nd7 4. Nc3 Ngf6 5. Bc4 c6 6. a4 Be7 7. O-O O-O 8.
Re1 Qc7 9. a5 exd4 10. Nxd4 Ne5 11. Bb3 Bg4 12. f3 Bd7 13. Be3 c5 14. Nf5
Bxf5 15. exf5 Rad8 16. Nd5 Nxd5 17. Bxd5 Bf6 18. c3 Rfe8 19. h3 h6 20. f4
Nc6 21. a6 b6 22. Bf2 Re7 23. Qb3 Rde8 24. Bxf7+ Rxf7 25. Rxe8+ Kh7 26. Rae1
Re7 27. Qg8# {Black checkmated} 1-0

[Event "ICC tourney 2171 (3 2)"]
[Site "Internet Chess Club"]
[Date "2020.12.04"]
[Round "4"]
[White "blackjack721"]
[Black "Drachekokosnuss"]
[Result "1/2-1/2"]
[ICCResult "Game drawn by repetition"]
[WhiteElo "1244"]
[BlackElo "1640"]
[Opening "King's Indian: 5.Nf3"]
[ECO "E90"]
[NIC "KI.21"]
[Time "22:46:00"]
[TimeControl "180+2"]

1. d4 Nf6 2. c4 g6 3. Nc3 Bg7 4. e4 d6 5. Nf3 O-O 6. Bd3 Na6 7. Be3 Ng4 8.
Rc1 Nxe3 9. fxe3 e5 10. d5 Nc5 11. Bb1 Bg4 12. O-O f5 13. b4 Nxe4 14. Nxe4
fxe4 15. Bxe4 Qf6 16. Qd3 Bf5 17. Nd2 Bxe4 18. Nxe4 Qe7 19. c5 Rxf1+ 20.
Rxf1 Rf8 21. Rc1 Qf7 22. h3 Qf5 23. g4 Qf3 24. Kh2 Bh6 25. g5 Bg7 26. cxd6
cxd6 27. Rc7 h6 28. Nf6+ Kh8 29. Qxg6 Qf2+ 30. Kh1 Qf1+ 31. Kh2 Qf2+ 32. Kh1
Qf1+ 33. Kh2 Qf2+ 34. Kh1 Qf1+ {Game drawn by repetition} 1/2-1/2

[Event "ICC tourney 2171 (3 2)"]
[Site "Internet Chess Club"]
[Date "2020.12.04"]
[Round "4"]
[White "rishik99"]
[Black "Kyle45"]
[Result "0-1"]
[ICCResult "White resigns"]
[WhiteElo "1190"]
[BlackElo "1390"]
[Opening "Sicilian: closed"]
[ECO "B23"]
[NIC "SI.44"]
[Time "22:45:47"]
[TimeControl "180+2"]

1. e4 c5 2. Nc3 e6 3. d4 cxd4 4. Qxd4 Nc6 5. Qd1 Nf6 6. Nf3 Be7 7. Bc4 a6 8.
a4 O-O 9. Be3 Na5 10. Ba2 Bb4 11. Bd2 Bxc3 12. Bxc3 Nxe4 13. Bb4 Re8 14. O-O
d5 15. Re1 Nc6 16. Bd2 f5 17. Bf4 Bd7 18. c3 Qb6 19. b4 Qxf2+ 20. Kh1 Qb6
21. Ng5 Nf2+ 22. Kg1 Nxd1+ 23. Kh1 Nf2+ 24. Kg1 Nd3+ 25. Kh1 Nxf4 26. Rf1
Ng6 27. Rad1 h6 28. Nh3 Nce5 29. Nf2 Ng4 30. Nd3 Ne3 31. Nf4 Nxf4
{White resigns}
0-1

[Event "ICC tourney 2171 (3 2)"]
[Site "Internet Chess Club"]
[Date "2020.12.04"]
[Round "4"]
[White "jaumevivesb"]
[Black "hggonzalezzss"]
[Result "0-1"]
[ICCResult "White checkmated"]
[WhiteElo "1275"]
[BlackElo "1462"]
[Opening "Sicilian"]
[ECO "B50"]
[NIC "SI.01"]
[Time "22:45:56"]
[TimeControl "180+2"]

1. e4 c5 2. Nf3 d6 3. Bc4 Nf6 4. Nc3 g6 5. d3 Bg7 6. Bg5 O-O 7. O-O Nbd7 8.
Qd2 a6 9. a4 Rb8 10. h3 Nb6 11. Bb3 Nbd7 12. Ne2 b5 13. axb5 axb5 14. c4
bxc4 15. Bxc4 Nh5 16. Bh6 Rxb2 17. Qe3 Bxh6 18. Qxh6 Rxe2 19. g4 Nhf6 20. h4
Ne5 21. Ng5 Nexg4 22. Nxf7 Nxh6 23. Nxh6+ Kg7 24. Nf5+ gxf5 25. Kh2 fxe4 26.
Rg1+ Kh6 27. dxe4 Qd7 28. Bxe2 Qh3# {White checkmated} 0-1

[Event "ICC tourney 2171 (3 2)"]
[Site "Internet Chess Club"]
[Date "2020.12.04"]
[Round "4"]
[White "ConnorGo"]
[Black "DFKnights"]
[Result "0-1"]
[ICCResult "White checkmated"]
[WhiteElo "1270"]
[BlackElo "1645"]
[Opening "Four knights: Italian variation"]
[ECO "C55"]
[NIC "IG.01"]
[Time "22:45:56"]
[TimeControl "180+2"]

1. e4 e5 2. Nf3 Nc6 3. Bc4 Nf6 4. Nc3 Be7 5. O-O O-O 6. Bb3 d6 7. d4 Bg4 8.
h3 Bxf3 9. Qxf3 Nxd4 10. Qd3 c6 11. Be3 Ne6 12. f3 Nh5 13. Ne2 Nef4 14. Nxf4
exf4 15. Bf2 Bf6 16. c3 Qe7 17. Rae1 Rad8 18. a4 a6 19. Ba2 Be5 20. Bd4 Qg5
21. Qc2 Kh8 22. Bxe5 dxe5 23. b4 Rd6 24. c4 Rg6 25. Rf2 Qg3 26. Kf1 Qh2 27.
Ke2 Rd8 28. Rd1 Ng3+ 29. Ke1 Qg1+ 30. Rf1 Qxf1# {White checkmated} 0-1

[Event "ICC tourney 2171 (3 2)"]
[Site "Internet Chess Club"]
[Date "2020.12.04"]
[Round "4"]
[White "JohnnyHop98"]
[Black "IshanVannadil"]
[Result "1-0"]
[ICCResult "Black checkmated"]
[WhiteElo "1736"]
[BlackElo "1527"]
[Opening "Queen's pawn: Chigorin variation"]
[ECO "D00"]
[NIC "QP.08"]
[Time "22:45:45"]
[TimeControl "180+2"]

1. d4 d5 2. Nc3 Nf6 3. Bf4 Bf5 4. f3 a6 5. g4 Bg6 6. h4 h5 7. g5 Ng8 8. e4
e6 9. a3 Bd6 10. e5 Be7 11. Nh3 c5 12. Be3 cxd4 13. Bxd4 Nc6 14. Nf4 Bf5 15.
Bh3 Bxh3 16. Rxh3 Qc7 17. g6 Nxe5 18. gxf7+ Nxf7 19. Nxe6 Qd6 20. Qe2 Nf6
21. Nxg7+ Kf8 22. Nf5 Qd7 23. Nxe7 Qxh3 24. Ng6+ Kg7 25. Nxh8 Qh1+ 26. Qf1
Qxh4+ 27. Bf2 Re8+ 28. Kd1 Qf4 29. Nxf7 Qxf3+ 30. Ne2 Ne4 31. Bd4+ Kxf7 32.
Qxf3+ Ke6 33. Nf4+ Kd6 34. Qxh5 Ng3 35. Qxe8 Kc7 36. Nxd5+ Kd6 37. Qe5+ Kd7
38. Nb6+ Kd8 39. Qxg3 a5 40. Qd6+ Ke8 41. Qd7+ Kf8 42. Bf6 a4 43. Qe7+ Kg8
44. Qg7# {Black checkmated} 1-0

[Event "ICC tourney 2171 (3 2)"]
[Site "Internet Chess Club"]
[Date "2020.12.04"]
[Round "4"]
[White "Shakhmatova"]
[Black "yogokings12"]
[Result "1-0"]
[ICCResult "Black resigns"]
[WhiteElo "1602"]
[BlackElo "1514"]
[Opening "Sicilian: Grand Prix attack"]
[ECO "B23"]
[NIC "SI.44"]
[Time "22:45:54"]
[TimeControl "180+2"]

1. e4 c5 2. Nc3 Nc6 3. f4 g6 4. Nf3 Bg7 5. g3 e6 6. Bg2 Nge7 7. O-O O-O 8.
d3 d5 9. e5 Nf5 10. Qe1 f6 11. g4 Nfd4 12. Nxd4 cxd4 13. Nb5 fxe5 14. c3 a6
15. Na3 exf4 16. c4 Kh8 17. cxd5 exd5 18. Bxf4 Bxg4 19. Nc2 Qd7 20. Qg3 Rae8
21. h3 Bf5 22. Rad1 Re2 23. Rd2 Rfe8 24. Bf3 Rxd2 25. Bxd2 Bxh3 26. Rf2 Be5
27. Bf4 Bxf4 28. Qxf4 Ne5 29. Be2 Qe7 30. Nxd4 Nc6 31. Nf3 Rf8 32. Qg3 Be6
33. Rh2 Qc5+ 34. d4 Nxd4 35. Qe5+ Kg8 36. Nxd4 Qc1+ 37. Kg2 Bf5 38. Qxd5+
Kg7 39. Qe5+ Kg8 40. Nf3 Bg4 41. Qd5+ Kg7 42. Qd4+ {Black resigns} 1-0

[Event "ICC tourney 2171 (3 2)"]
[Site "Internet Chess Club"]
[Date "2020.12.04"]
[Round "4"]
[White "wildrumpus"]
[Black "clair"]
[Result "1-0"]
[ICCResult "Black checkmated"]
[WhiteElo "1422"]
[BlackElo "1192"]
[Opening "Modern defense"]
[ECO "A40"]
[NIC "QO.17"]
[Time "22:45:51"]
[TimeControl "180+2"]

1. d4 g6 2. e3 Bg7 3. Nf3 e6 4. Be2 Ne7 5. O-O d6 6. b3 O-O 7. Bb2 Nd7 8. c4
b6 9. Nc3 Bb7 10. Qd2 a6 11. Rae1 Nf6 12. Qc1 Ne4 13. Nxe4 Bxe4 14. Qa1 h6
15. Nd2 Bb7 16. Bf3 d5 17. e4 dxe4 18. Bxe4 Bxe4 19. Nxe4 Nf5 20. d5 exd5
21. Bxg7 Nxg7 22. cxd5 f5 23. Nc3 b5 24. Rd1 b4 25. Ne2 Re8 26. Nf4 Qd6 27.
g3 g5 28. Ne6 Nxe6 29. dxe6 Qxe6 30. Rfe1 Qg6 31. Qd4 Rxe1+ 32. Rxe1 Re8 33.
Qd5+ Kh7 34. Qd7+ Qg7 35. Qxg7+ Kxg7 36. Rxe8 c5 37. Rc8 a5 38. Rxc5 g4 39.
Rxa5 Kf6 40. Rb5 h5 41. Rxb4 Kg5 42. a4 h4 43. gxh4+ Kxh4 44. a5 Kh3 45. a6
g3 46. hxg3 f4 47. gxf4 Kg4 48. a7 Kf3 49. a8=Q+ Kg4 50. Qg2+ Kf5 51. Rc4
Ke6 52. Qg6+ Ke7 53. Rc7+ Kd8 54. Qd6+ Ke8 55. Qe7# {Black checkmated} 1-0

[Event "ICC tourney 2171 (3 2)"]
[Site "Internet Chess Club"]
[Date "2020.12.04"]
[Round "4"]
[White "chessfidebullet"]
[Black "coolsportsguy"]
[Result "0-1"]
[ICCResult "White checkmated"]
[WhiteElo "1061"]
[BlackElo "1581"]
[Opening "French defense"]
[ECO "C00"]
[NIC "FR.01"]
[Time "22:45:49"]
[TimeControl "180+2"]

1. e4 e6 2. f3 d5 3. Ne2 c5 4. c3 Nc6 5. d3 Nf6 6. Bg5 Be7 7. Na3 O-O 8. Qd2
h6 9. h4 hxg5 10. hxg5 Nh7 11. Qf4 Bxg5 12. Qh2 Bh6 13. Nf4 Qg5 14. g3 dxe4
15. dxe4 Ne5 16. Kf2 Rd8 17. Be2 b6 18. Nc2 Bb7 19. Ne3 Nd3+ 20. Kg2 Nxf4+
21. Kf2 Nxe2 22. f4 Qxg3+ 23. Qxg3 Nxg3 24. Kxg3 Bxe4 25. Ng4 Bxh1 26. Rxh1
Rd3+ 27. Kf2 Bxf4 28. Ke2 Rd2+ 29. Kf3 e5 30. Ke4 Re8 31. b4 Ng5+ 32. Kf5
g6+ 33. Kf6 Re6# {White checkmated} 0-1

[Event "ICC tourney 2171 (3 2)"]
[Site "Internet Chess Club"]
[Date "2020.12.04"]
[Round "4"]
[White "Eraser007"]
[Black "Goran21"]
[Result "0-1"]
[ICCResult "White forfeits on time"]
[WhiteElo "2084"]
[BlackElo "1828"]
[Opening "Sicilian"]
[ECO "B50"]
[NIC "SI.01"]
[Time "22:45:54"]
[TimeControl "180+2"]

1. e4 c5 2. Nf3 d6 3. c3 Nf6 4. h3 Nc6 5. Bd3 e5 6. Bc2 d5 7. exd5 Qxd5 8.
d3 Bf5 9. Nh4 Be6 10. Na3 Be7 11. Qe2 Rd8 12. Nb5 Qd7 13. a4 a6 14. Na3 Nd5
15. Nf3 Bf6 16. Nc4 O-O 17. O-O Nf4 18. Bxf4 exf4 19. Nfd2 b5 20. axb5 axb5
21. Na3 b4 22. Nb5 Ne5 23. d4 cxd4 24. Nxd4 Bd5 25. Ne4 Be7 26. Qh5 f5 27.
Ng5 h6 28. Rfe1 Bxg5 29. Rxe5 Bf7 30. Qe2 Bf6 31. Bxf5 Qd6 32. Re6 Bxe6 33.
Bxe6+ Kh8 34. Ra6 Qc5 35. Nf5 Rde8 {White forfeits on time} 0-1

[Event "ICC tourney 2171 (3 2)"]
[Site "Internet Chess Club"]
[Date "2020.12.04"]
[Round "4"]
[White "pmchess98"]
[Black "PearsonH"]
[Result "0-1"]
[ICCResult "White forfeits on time"]
[WhiteElo "1409"]
[BlackElo "1404"]
[Opening "French: advance, Milner-Barry gambit"]
[ECO "C02"]
[NIC "FR.03"]
[Time "22:46:13"]
[TimeControl "180+2"]

1. e4 e6 2. d4 d5 3. e5 c5 4. c3 Nc6 5. Nf3 Qb6 6. Bd3 Bd7 7. O-O cxd4 8.
cxd4 Nxd4 9. Nxd4 Qxd4 10. Nc3 a6 11. Qe2 Qb6 12. Kh1 Bc5 13. f4 Ne7 14. a3
Nc6 15. Na4 Qa7 16. Nxc5 Qxc5 17. b4 Qe7 18. Qg4 O-O 19. Rf3 f5 20. exf6
Qxf6 21. Rb1 Qf7 22. Bb2 e5 23. fxe5 Bxg4 24. Rxf7 Rxf7 25. e6 Bxe6 26. h3
Raf8 27. Re1 Re8 28. Re3 Bd7 29. Rg3 Re1+ 30. Kh2 Ree7 31. b5 axb5 32. Bxb5
Ne5 33. Bxe5 Rxe5 34. Bxd7 Rxd7 35. a4 d4 36. Rd3 Re3 {White forfeits on
time} 0-1

[Event "ICC tourney 2171 (3 2)"]
[Site "Internet Chess Club"]
[Date "2020.12.04"]
[Round "4"]
[White "chesswarriors12"]
[Black "needGodcom"]
[Result "1/2-1/2"]
[ICCResult "Game drawn by repetition"]
[WhiteElo "1446"]
[BlackElo "1646"]
[Opening "Queen's pawn game"]
[ECO "E10"]
[NIC "QI.01"]
[Time "22:45:53"]
[TimeControl "180+2"]

1. d4 e6 2. c4 Nf6 3. Nf3 d5 4. g3 c6 5. Bg2 dxc4 6. O-O Bd6 7. Nc3 O-O 8.
e4 Bc7 9. Bg5 Nbd7 10. e5 h6 11. exf6 hxg5 12. fxg7 Kxg7 13. Qd2 f6 14. Rad1
Rh8 15. h4 gxh4 16. Nxh4 Kf7 17. Qc2 Qg8 18. Rfe1 Nf8 19. Qe4 f5 20. Nxf5
exf5 21. Qe7+ Kg6 22. Qxc7 Qh7 23. Qxh7+ Rxh7 24. Re2 Bd7 25. Rde1 Kf6 26.
d5 Rd8 27. dxc6 Bxc6 28. Bxc6 bxc6 29. Na4 Rd5 30. Rc1 Ne6 31. Rxc4 Nd4 32.
Re3 Re7 33. Rxe7 Kxe7 34. Kg2 Kd6 35. Nc3 Nb5 36. Nxd5 cxd5 37. Rb4 Kc5 38.
Rf4 Nd6 39. g4 fxg4 40. Rxg4 d4 41. Kf1 Kc4 42. Ke1 Kd3 43. Kd1 Nc4 44. Rg3+
Ke4 45. Kc2 Ne5 46. a3 d3+ 47. Kd1 Nc4 48. Rg4+ Kd5 49. Rxc4 Kxc4 50. Kd2
Kd4 51. f4 Ke4 52. f5 Kxf5 53. Kxd3 Ke5 54. Kc4 Kd6 55. Kb5 Kc7 56. Ka6 Kb8
57. b4 Ka8 58. a4 Kb8 59. a5 Ka8 60. b5 Kb8 61. b6 axb6 62. axb6 Ka8 63. Kb5
Kb7 64. Kc5 Kb8 65. Kc6 Kc8 66. Kb5 Kb7 67. Ka5 Kb8 68. Ka6 Ka8 69. Kb5 Kb8
70. Kc6 Kc8 71. Kb5 Kb7 72. Kc5 Kb8 73. Kc6 Kc8 74. Kb5
{Game drawn by repetition}
1/2-1/2

[Event "ICC tourney 2171 (3 2)"]
[Site "Internet Chess Club"]
[Date "2020.12.04"]
[Round "4"]
[White "Openyagami"]
[Black "GGuseinov"]
[Result "0-1"]
[ICCResult "White forfeits on time"]
[WhiteElo "2666"]
[BlackElo "2790"]
[Opening "English opening"]
[ECO "A10"]
[NIC "EO.64"]
[Time "22:45:59"]
[TimeControl "180+2"]

1. c4 g6 2. Nc3 Bg7 3. Nf3 d6 4. e4 c5 5. g3 Nc6 6. Bg2 e5 7. a3 Nge7 8. O-O
O-O 9. Rb1 f5 10. b4 b6 11. b5 Nd4 12. exf5 Bxf5 13. Nxd4 exd4 14. Ne4 d5
15. cxd5 Nxd5 16. Qb3 Kh8 17. d3 Nc3 18. Bg5 Qd7 19. Nxc3 dxc3 20. Bxa8 Rxa8
21. Rfe1 h6 22. Re7 Qxd3 23. Rd1 Qf3 24. Bxh6 Bxh6 25. Rde1 Bh3 26. Re8+ Bf8
{White forfeits on time}
0-1

[Event "ICC tourney 2171 (3 2)"]
[Site "Internet Chess Club"]
[Date "2020.12.04"]
[Round "4"]
[White "abelMZ084"]
[Black "Hamlett144"]
[Result "1-0"]
[ICCResult "Black resigns"]
[WhiteElo "1248"]
[BlackElo "1254"]
[Opening "Queen's pawn: stonewall attack"]
[ECO "D00"]
[NIC "QP.08"]
[Time "22:46:43"]
[TimeControl "180+2"]

1. d4 d5 2. e3 Nf6 3. Bd3 e6 4. Nd2 c5 5. c3 Nc6 6. f4 c4 7. Bc2 Ng4 8. Qxg4
h5 9. Qe2 g5 10. Ngf3 g4 11. Ne5 Nxe5 12. fxe5 Bh6 13. Nf1 Kd7 14. Ng3 h4
15. Nh5 Qg5 16. Nf6+ Kc6 17. Qxg4 Rg8 18. Qxg5 Rxg5 19. e4 Rxg2 20. Ba4+ b5
21. Bxb5+ Kxb5 22. Bxh6 Rxb2 23. O-O Ka4 24. Rfb1 Rab8 25. Rxb2 Rxb2 26.
exd5 Ka3 27. Bc1 {Black resigns} 1-0

[Event "ICC tourney 2171 (3 2)"]
[Site "Internet Chess Club"]
[Date "2020.12.04"]
[Round "4"]
[White "Pugnacious"]
[Black "SicilianEnding"]
[Result "0-1"]
[ICCResult "White resigns"]
[WhiteElo "1696"]
[BlackElo "1812"]
[Opening "Trompowsky attack (Ruth, Opocenský opening)"]
[ECO "A45"]
[NIC "QP.07"]
[Time "22:45:58"]
[TimeControl "180+2"]

1. d4 Nf6 2. Bg5 c5 3. e3 Qb6 4. Qc1 cxd4 5. Nf3 dxe3 6. Bxe3 Qa5+ 7. Nc3 e6
8. Bd3 Bb4 9. Bd2 O-O 10. O-O Qh5 11. a3 Be7 12. Re1 d5 13. Re5 Qg4 14. Bf4
Nfd7 15. Re1 Nc6 16. Qe3 d4 17. Qe4 Nf6 18. Qe2 Qxf4 19. Ne4 Nxe4 20. Bxe4
Bf6 21. Qd3 g6 22. g3 Qd6 23. h4 e5 24. Ng5 Qe7 25. Nf3 Bg4 26. Nh2 Bd7 27.
Rad1 Bg7 28. Nf3 f5 29. Bd5+ Be6 30. Bxc6 bxc6 31. Nxe5 Qd6 32. f4 Bd5 33.
Qxd4 Rfe8 34. c4 Rad8 35. cxd5 cxd5 36. Rd2 Re7 37. Rc2 Rde8 38. Rc6 Bxe5
39. Rxd6 Bxd4+ {White resigns} 0-1

[Event "ICC tourney 2171 (3 2)"]
[Site "Internet Chess Club"]
[Date "2020.12.04"]
[Round "4"]
[White "python0812"]
[Black "stephenwilly"]
[Result "1-0"]
[ICCResult "Black checkmated"]
[WhiteElo "1531"]
[BlackElo "1579"]
[Opening "King's gambit"]
[ECO "C30"]
[NIC "KG.05"]
[Time "22:46:02"]
[TimeControl "180+2"]

1. e4 e5 2. f4 Nc6 3. Nf3 d6 4. Bc4 exf4 5. d4 g5 6. h4 g4 7. Ng5 Nh6 8.
Bxf4 Qf6 9. Be3 Bg7 10. Rf1 Qe7 11. Nxf7 Nxf7 12. Rxf7 Qxe4 13. Qd2 Bxd4 14.
Rf4 Qe7 15. Rxd4 Nxd4 16. Qxd4 Qxh4+ 17. Kd2 Rf8 18. Nc3 Bd7 19. Nb5 Bxb5
20. Bxb5+ c6 21. Bd3 O-O-O 22. Qxa7 Rde8 23. Qa8+ Kc7 24. Qa5+ Kd7 25. Bf5+
Ke7 26. Qc7+ Kf6 27. Rf1 Rxe3 28. Qxd6+ Kg5 29. Qf4+ Kh5 30. Qxe3 Qd8+ 31.
Kc1 Qg5 32. Rh1+ Qh4 33. Rxh4+ Kxh4 34. Qh6+ Kg3 35. Qxf8 Kxg2 36. Bxh7 g3
37. Be4+ Kh2 38. Qf3 Kh3 39. Kd2 Kh4 40. Bf5 Kg5 41. Qg4+ Kf6 42. Qg6+ Ke5
43. Ke3 g2 44. Qe6# {Black checkmated} 1-0

[Event "ICC tourney 2171 (3 2)"]
[Site "Internet Chess Club"]
[Date "2020.12.04"]
[Round "4"]
[White "avocuddle"]
[Black "garfield92037"]
[Result "1-0"]
[ICCResult "Black checkmated"]
[WhiteElo "1460"]
[BlackElo "1517"]
[Opening "QGD: Chigorin defense"]
[ECO "D07"]
[NIC "QP.08"]
[Time "22:46:00"]
[TimeControl "180+2"]

1. d4 d5 2. c4 Nc6 3. Nf3 Bg4 4. Ne5 Nxe5 5. dxe5 dxc4 6. Qa4+ Bd7 7. Qxc4
e6 8. Nc3 Ne7 9. Bf4 Nc6 10. e3 Be7 11. O-O-O O-O 12. Be2 a6 13. Bf3 Qc8 14.
Rd2 b5 15. Qe4 Rb8 16. Rhd1 Be8 17. Kb1 f6 18. Qc2 fxe5 19. Bg3 Bg6 20. Be4
Bf5 21. h3 Nb4 22. Qb3 Kh8 23. Bxe5 Qb7 24. f3 a5 25. Ka1 a4 26. Qxb4 Bxb4
27. Bxb7 Rxb7 28. e4 Bg6 29. a3 Ba5 30. Rd8 Kg8 31. R1d7 Bf7 32. Rxf8+ Kxf8
33. Rd8+ Ke7 34. Ra8 Bb6 35. Bxg7 Bc5 36. Bf8+ Kf6 37. Bxc5 e5 38. Nd5+ Kg7
39. Bf8+ Kg6 40. Bb4 c6 41. Ne7+ Kg7 42. Nf5+ Kg6 43. Nd6 Rd7 44. Nxf7 Kxf7
45. Rc8 Rd1+ 46. Ka2 Rg1 47. g4 Rg3 48. Rxc6 Rxf3 49. Rh6 Kg7 50. Rh5 Re3
51. Rxe5 Rxh3 52. Rxb5 Re3 53. Bc3+ Kf7 54. e5 Rg3 55. Rb7+ Ke6 56. Rxh7
Rxg4 57. Rh6+ Ke7 58. e6 Re4 59. Bb4+ Ke8 60. e7 Kd7 61. Ra6 Ke8 62. Rxa4
Kf7 63. Ra8 Re6 64. Rf8+ Kg7 65. e8=Q Rf6 66. Rxf6 Kh7 67. Qg6+ Kh8 68. Rf8#
{Black checkmated}
1-0

[Event "ICC tourney 2171 (3 2)"]
[Site "Internet Chess Club"]
[Date "2020.12.04"]
[Round "4"]
[White "KRASAVCHIK"]
[Black "Sricharan07"]
[Result "1-0"]
[ICCResult "Black resigns"]
[WhiteElo "3001"]
[BlackElo "1509"]
[Opening "French: exchange variation"]
[ECO "C01"]
[NIC "FR.01"]
[Time "22:46:00"]
[TimeControl "180+2"]

1. e4 e6 2. d4 d5 3. exd5 exd5 4. c4 Nf6 5. Nc3 Be7 6. Bd3 O-O 7. Nge2 c6 8.
O-O Bg4 9. f3 Bh5 10. Nf4 Bg6 11. Bxg6 hxg6 12. cxd5 Nxd5 13. Nfxd5 cxd5 14.
Qb3 Nc6 15. Be3 Bf6 16. Rad1 Ne7 17. Bf2 b6 18. Rfe1 Qd7 19. Bg3 Rac8 20.
Be5 Rc4 21. Bxf6 gxf6 22. Nxd5 Qxd5 23. Rxe7 Rd8 24. Re4 b5 25. h4 Kg7 26.
Qd3 f5 27. Re5 Qxe5 28. dxe5 Rxd3 29. Rxd3 Rc1+ 30. Kh2 Rc2 31. Rd7 Rxb2 32.
Rxa7 Kg8 33. Kg3 b4 34. Ra6 b3 35. axb3 Rxb3 36. Ra8+ Kg7 37. Ra7 Kg8 38.
Kf4 Rb2 39. g3 Rb3 40. Rc7 Ra3 41. g4 fxg4 42. fxg4 Rh3 43. e6 fxe6 44. Kg5
Rh2 45. Kxg6 Kf8 46. h5 e5 47. h6 e4 48. h7 e3 49. h8=Q+ Rxh8 50. Rc8+ Ke7
51. Rxh8 e2 52. Rh1 {Black resigns} 1-0